 Dungeon Crawl Stone Soup version 0.26-a0-682-g294304f6e8 (webtiles) character file.

Game seed: 9697937244966975135

1723 robertstho the Sneak (level 9, -8/55 HPs)
             Began as an Octopode Ice Elementalist on Oct 20, 2020.
             Mangled by Harold
             ... wielding a +0 dire flail
              (21 damage)
             ... on level 7 of the Dungeon.
             The game lasted 00:10:41 (8096 turns).

robertstho the Sneak (Octopode Ice Elementalist)    Turns: 8096, Time: 00:10:42

Health: -8/55      AC:  1    Str:  7    XL:     9   Next: 4%
Magic:  2/17       EV: 14    Int: 25    God:
Gold:   316        SH:  0    Dex: 12    Spells: 4/19 levels left

rFire    . . .     SeeInvis .   u - +0 long sword of the Demagogue {drain, Int+4} (curse)
rCold    . . .     Faith    .   (no shield)
rNeg     . . .     Spirit   .   (helmet restricted)
rPois    .         Reflect  .   (no amulet)
rElec    .         Harm     .   a - ring of stealth
rCorr    .         Rampage  .   (no ring)
MR       .....                  (no ring)
Stlth    +++++.....             (no ring)
HPRegen  0.18/turn              (no ring)
MPRegen  0.15/turn              (no ring)
                                (no ring)
                                (no ring)

@: marked, frozen ramparts, lightly drained
A: almost no armour, stealthy swim, amphibious, 8 rings, constrict 8, camouflage
1, gelatinous body 1
a: no special abilities


You were on level 7 of the Dungeon.
You visited 1 branch of the dungeon, and saw 7 of its levels.

You collected 316 gold pieces.

Inventory:

Hand Weapons
 p - a +1 short sword of electrocution
 s - a +3 short sword of freezing
 u - the cursed +0 long sword of the Demagogue (weapon) {drain, Int+4}
   (You found it on level 6 of the Dungeon)

   A truly terrible weapon, it drains the life of those it strikes.
   It affects your intelligence (+4).
   It has a curse placed upon it.
Missiles
 h - 26 poisoned darts (quivered)
Jewellery
 a - a ring of stealth (left tentacle)
Wands
 g - a wand of disintegration (6)
Scrolls
 c - 2 scrolls of teleportation
 d - 5 scrolls of remove curse
 i - a scroll of magic mapping
 j - a scroll of amnesia {unknown}
 k - a scroll of blinking {unknown}
 n - a scroll of fear {unknown}
 q - 2 scrolls of enchant armour {unknown}
 r - a scroll of immolation
Potions
 b - 2 potions of lignification
 e - 2 potions of cancellation {unknown}
 f - 3 potions of haste
 m - a potion of flight
 o - a potion of invisibility
 t - a potion of brilliance {unknown}
 v - a potion of stabbing {unknown}


   Skills:
 + Level 2.4(2.1) Fighting
 + Level 2.9(2.6) Short Blades
 + Level 3.2(2.9) Dodging
 * Level 7.7(7.3) Stealth
 + Level 1.9(1.6) Unarmed Combat
 * Level 5.8(5.5) Spellcasting
 + Level 0.2(0.0) Summonings
 * Level 7.0(6.6) Ice Magic
 + Level 0.8(0.6) Evocations


You had 4 spell levels left.
You knew the following spells:

 Your Spells              Type           Power        Failure   Level
a - Freeze                Ice            ####         1%          1
b - Frozen Ramparts       Ice            #####.       1%          3
c - Ozocubu's Armour      Ice            #####...     1%          3
d - Hailstorm             Conj/Ice       ###.....     21%         4
e - Summon Ice Beast      Ice/Summ       ###.....     21%         4

Your spell library contained the following spells:

 Spells                   Type           Power        Failure   Level
 Sting                    Tmut/Pois      #...         8%          1
 Poisonous Vapours        Pois/Air       #.....       12%         2
 Ignite Poison            Fire/Tmut/Pois #.......     24%         3
 Mephitic Cloud           Conj/Pois/Air  #.......     24%         3
 Olgreb's Toxic Radiance  Pois           #.......     61%         4


Dungeon Overview and Level Annotations

Branches:
Dungeon (7/15)
 Temple: D:4-7

Altars:
Dithmenos
Elyvilon
Gozag
Kikubaaqudgha
Okawaru
Qazlal
Xom

Shops:
D:6 [

Annotations:
D:4 Natasha
D:6 exclusion: oklob plant
D:7 Harold


Innate Abilities, Weirdness & Mutations

You cannot wear most types of armour.
You are very stealthy in the water. (Stealth+)
You are amphibious.
You can wear up to eight rings at the same time.
You can use your tentacles to constrict eight enemies at once.
Your skin changes colour to match your surroundings (Stealth+).
Your rubbery body absorbs attacks. (AC +1, EV +1)


Message History

* * * LOW HITPOINT WARNING * * *
Unknown command.
You feel better.
The frozen ramparts melt away.
You constrict Harold.
Your ice beast hits Harold.
Your ice beast freezes Harold.
Harold resists.
Harold drinks a potion.
Harold is healed!
Unknown command.
Casting: Summon Ice Beast (quite dangerous; 21% risk of failure)
Confirm with . or Enter, or press ? or * to list all spells.
The walls around you are covered in ice.
You constrict Harold.
Your ice beast hits Harold but does no damage.
Harold resists.
The wall freezes Harold.
Harold points at you and mumbles some strange words.
A sentinel's mark forms upon you.
You hit Harold. You drain Harold.
Harold is severely wounded.
You constrict Harold, but do no damage.
Your ice beast hits Harold but does no damage.
Harold resists.
The wall freezes Harold.
Harold hits you with a +0 dire flail!!
You die...

##### #...# ### #...#
....#...#########
##..............#
#..[....Y..####.#####
#........@@# #.#...#
....#...#### #.....#
. #(..# ###...#
#..... ##.## .......
#.# .##...... ####.#
. ....... #..>.#
##....... #†#### #.#


You could see Harold (drained) and a friendly ice beast (summoned).

Vanquished Creatures
  Grinder (D:6)
  Eustachio (D:6)
  Duvessa (D:6)
  A sky beast (D:6)
  A nameless horror (D:6)
  A phantom (D:6)
  2 centaurs
  3 bullfrogs
  Dowan (D:6)
  A wyvern skeleton (D:6)
  A scorpion (D:5)
  5 wights (D:6)
  A hound (D:6)
  A centaur zombie (D:6)
  A centaur skeleton (D:5)
  An orc priest (D:4)
  An orc wizard (D:5)
  An iguana (D:4)
  Natasha (D:4)
  2 worker ants
  A worker ant zombie (D:6)
  5 adders
  2 shadow imps (D:7)
  A white imp (D:5)
  2 worms (D:2)
  3 dart slugs
  4 leopard geckos
  13 orcs
  A ball python (D:2)
  11 bats
  5 giant cockroaches
  7 goblins
  4 hobgoblins
  8 jackals
  A quokka (D:3)
  7 frilled lizards
  11 kobolds
  A quokka zombie (D:5)
  4 rats
119 creatures vanquished.

Notes
Turn   | Place    | Note
-------+----------+-------------------------------------------
     0 | D:1      | robertstho the Octopode Ice Elementalist began the quest
                  | for the Orb.
     0 | D:1      | Reached XP level 1. HP: 11/11 MP: 3/3
   188 | D:1      | Reached XP level 2. HP: 17/17 MP: 5/5
  1433 | D:1      | Reached XP level 3. HP: 21/21 MP: 6/6
  2016 | D:2      | Reached XP level 4. HP: 20/27 MP: 5/7
  2021 | D:2      | Learned a level 3 spell: Frozen Ramparts
  2025 | D:2      | Learned a level 3 spell: Ozocubu's Armour
  2955 | D:3      | Noticed a bullfrog
  2963 | D:3      | Killed a bullfrog
  2963 | D:3      | Reached skill level 5 in Stealth
  2963 | D:3      | Reached skill level 1 in Unarmed Combat
  2963 | D:3      | Reached XP level 5. HP: 25/32 MP: 5/9
  3515 | D:3      | Found an ancient bone altar of Kikubaaqudgha.
  3517 | D:3      | Found a broken altar of Ashenzari.
  3517 | D:3      | Found a white marble altar of Elyvilon.
  3519 | D:3      | Found a shadowy altar of Dithmenos.
  3519 | D:3      | Found a shimmering altar of Xom.
  3519 | D:3      | Found an iron altar of Okawaru.
  4214 | D:4      | Reached XP level 6. HP: 22/37 MP: 6/10
  4221 | D:4      | Learned a level 4 spell: Hailstorm
  4349 | D:4      | Noticed Natasha
  4354 | D:4      | Killed Natasha
  4382 | D:4      | Found a shimmering altar of Xom.
  4512 | D:4      | Reached skill level 5 in Ice Magic
  4842 | D:4      | Noticed Natasha
  4959 | D:4      | Found a stormy altar of Qazlal.
  5005 | D:5      | Entered Level 5 of the Dungeon
  5051 | D:5      | Reached skill level 1 in Fighting
  5276 | D:5      | Reached XP level 7. HP: 26/43 MP: 12/12
  5758 | D:6      | Reached skill level 1 in Short Blades
  5848 | D:6      | Noticed Eustachio
  5860 | D:6      | Killed Eustachio
  5860 | D:6      | Reached XP level 8. HP: 11/48 MP: 10/14
  6101 | D:6      | Noticed Grinder
  6112 | D:6      | Killed Grinder
  6258 | D:6      | Reached skill level 5 in Spellcasting
  6587 | D:6      | Noticed Duvessa
  6587 | D:6      | Noticed Dowan
  6597 | D:6      | Killed Duvessa
  6598 | D:6      | Killed Dowan
  6844 | D:6      | Found an opulent altar of Gozag.
  6844 | D:6      | Noticed an oklob plant
  7300 | D:6      | Got an encrusted long sword
  7301 | D:6      | Identified the cursed +0 long sword of the Demagogue
                  | {drain, Int+4} (You found it on level 6 of the Dungeon)
  7450 | D:6      | Learned a level 4 spell: Summon Ice Beast
  7467 | D:6      | Noticed a nameless horror
  7527 | D:6      | Killed a nameless horror
  7739 | D:6      | Reached XP level 9. HP: 44/55 MP: 4/17
  7948 | D:6      | Found Ecopouvy's Antique Armour Shoppe.
  8073 | D:7      | Noticed Harold
  8096 | D:7      | Mangled by Harold

Illustrated notes

Levels and vault maps discovered:
D:1:      minmay_arrival_loop, layout_basic,
          hangedman_abyss_or_decor_lesser_grid, hangedman_decor_opposing,
          minmay_quantized
D:2:      layout_rooms
D:3:      layout_loops_corners, doesnt_xom_only_xom
D:4:      layout_gridville, nicolae_qazlal_eye_of_the_storm,
          lemuel_altar_in_water, uniq_natasha
D:5:      layout_cave_pools, temple_green, serial_bayou_ford_a,
          minmay_tree_intersection, hangedman_decor_diamond_cutter
D:6:      layout_loops_ring, serial_shops, shop, lemuel_oklob_altar,
          uniq_grinder, uniq_eustachio, uniq_duvessa
D:7:      layout_loops_cross, uniq_joseph, uniq_harold

Skill      XL: |  1  2  3  4  5  6  7  8  9 |
---------------+----------------------------+-----
Stealth        | 3 4 5 6 7 |  7.7
Unarmed Combat | 1 |  1.9
Spellcasting   | 3 4 5 |  5.8
Ice Magic      | 5 6 7 |  7.0
Fighting       | 1 2 |  2.4
Short Blades   | 1 2 |  2.9
Dodging        | 3 |  3.2
Summonings     | |  0.2
Evocations     | |  0.8

Action                   |  1- 3 |  4- 6 |  7- 9 || total
-------------------------+-------+-------+-------++-------
Melee: Unarmed           |    85 |    59 |       ||   144
       Constrict         |    24 |    27 |     9 ||    60
       Tentacles         |    11 |    20 |     8 ||    39
       Punch             |     1 |       |     2 ||     3
       Short sword       |       |    29 |    34 ||    63
       Long sword        |       |       |     8 ||     8
 Cast: Freeze            |    24 |     5 |       ||    29
       Frozen Ramparts   |       |    15 |    13 ||    28
       Summon Ice Beast  |       |       |     6 ||     6
Evoke: Wand              |       |     2 |    10 ||    12
  Use: Scroll            |       |     8 |     2 ||    10
       Potion            |       |     1 |     2 ||     3
 Stab: Sleeping          |    12 |     8 |     5 ||    25
Armor: Skin              |    23 |     2 |     2 ||    27
Dodge: Dodged            |    93 |    60 |    27 ||   180
       Rpst.: Long sword |       |       |     3 ||     3

Table legend: (Time is in decaauts)
 A = Elapsed time spent in this place.
 B = Non-inter-level travel time spent in this place.
 C = Inter-level travel time spent in this place.
 D = Time resting spent in this place.
 E = Time spent auto-exploring this place.
 F = Levels seen in this place.
 G = Mean time per level.
                   A        B        C        D        E       F      G
               +--------+--------+--------+--------+--------+-----+--------+
         Total |   8096 |   7940 |    156 |   1646 |   5145 |   7 | 1156.6 |
       Dungeon |   8096 |   7940 |    156 |   1646 |   5145 |   7 | 1156.6 |
               +--------+--------+--------+--------+--------+-----+--------+

Top non-repeatable levels by time:
     D:6: 2301 daAuts
     D:1: 1481 daAuts
     D:3: 1398 daAuts
     D:4: 1083 daAuts
     D:2: 1040 daAuts
     D:5: 694 daAuts
     D:7: 96 daAuts
